 Dungeon Crawl Stone Soup version 0.32-a0-520-g344ed53f66 (webtiles) character file.

Game seed: 1338391655738420372

31894 zenocrate the Grappler (level 13, -3/95 (99) HPs)
             Began as a Demonspawn Fighter on Feb 28, 2024.
             Was an Elder of Ru.
             Slain by a komodo dragon (24 damage)
             ... on level 5 of the Lair of Beasts.
             The game lasted 00:19:17 (15903 turns).

zenocrate the Grappler (Demonspawn Fighter)        Turns: 15903, Time: 00:19:18

HP:   -3/95 (99)    AC:  8    Str: 26    XL:     13   Next: 28%
MP:   16/16         EV: 20    Int:  9    God:    Ru [****..]
Gold: 786           SH:  0    Dex: 18    Spells: 17/18 levels left

rFire   . .          .
                       - Unarmed
rCold   + . .        b - melded +0 buckler
rNeg    + . .        M - melded +0 chain mail {Will+}
rPois   .            (no helmet)
rElec   .            B - +0 cloak
rCorr   .            f - +1 pair of gloves
SInv    .            v - +0 pair of boots
Will    .....        l - amulet of the acrobat
Stlth   +            n - +6 ring of dexterity
HPRegen 0.35/turn    I - ring "Cedon" {rN+ Str+4}
MPRegen 0.15/turn

%: acrobat
@: exhausted, about to teleport, flux-form, mesmerised, glowing, lightly drained
A: glow, contaminating, reduced hp, icy blue scales 3, demonic guardian 2,
ignite blood 1, low MP 1, inability to drink after injury 2, inability to use
devices, weakness stinger 2
a: Begin Untransformation, Renounce Religion, Draw Out Power, Power Leap


You were on level 5 of the Lair of Beasts.
You worshipped Ru.
Ru was greatly pleased with you.
You were something dangerously unstable.
You visited 3 branches of the dungeon, and saw 15 of its levels.

You collected 786 gold pieces.

Inventory:

Missiles
 r - 18 boomerangs
 u - 30 poisoned darts (quivered)
 P - a curare-tipped dart
Armour
 b - a +0 buckler (melded)
 f - a +1 pair of gloves (worn)
 i - the +1 ring mail "Toprues" {Int+2 Stlth+}
   (You found it on level 2 of the Dungeon)

   Int+2:     It affects your intelligence (+2).
   Stlth+:    It makes you more stealthy.
 v - a +0 pair of boots (worn)
 B - a +0 cloak (worn)
 M - a +0 chain mail of willpower (melded)
Jewellery
 l - an amulet of the acrobat (around neck)
 n - a +6 ring of dexterity (left hand)
 w - an amulet of magic regeneration
 C - an amulet of guardian spirit
 E - the Hermit's Pendant {Faith Invo=14 Evo=0 MP+5}
   (You found it on level 5 of the Dungeon)

   [amulet of faith]

   Invo=14: It sets your Invocations skill to 14.
   Evo=0: It sets your Evocations skill to 0.
   Faith:     It allows you to gain divine favour quickly.
   MP+5:      It affects your magic capacity (+5).
 I - the ring "Cedon" (right hand) {rN+ Str+4}
   (You found it on level 6 of the Dungeon)

   [ring of positive energy]

   Str+4:     It affects your strength (+4).
   rN+:       It protects you from negative energy.
 N - a +6 ring of strength
Talismans
 o - a flux talisman (active)
 t - a maw talisman
Scrolls
 g - 6 scrolls of teleportation
 h - 3 scrolls of amnesia
 j - 4 scrolls of vulnerability
 k - 2 scrolls of enchant armour
 s - 2 scrolls of enchant weapon
 x - 2 scrolls of poison
 y - a scroll of summoning {unknown}
 A - 2 scrolls of immolation {unknown}
 D - a scroll of revelation {unknown}
 F - 2 scrolls of fear {unknown}
 J - a scroll of blinking {unknown}
 K - 2 scrolls of fog {unknown}
 L - 2 scrolls of brand weapon {unknown}
 Q - a scroll of acquirement {unknown}
 R - a scroll of noise {unknown}
Potions
 a - 2 potions of cancellation
 c - 2 potions of curing
 d - 2 potions of resistance
 e - 9 potions of heal wounds
 m - 4 potions of lignification
 p - 2 potions of attraction
 q - 4 potions of brilliance
 z - a potion of haste {unknown}
 G - a potion of degeneration {unknown}
 H - a potion of mutation
 O - a potion of invisibility


   Skills:
 * Level 12.0 Fighting
 - Level 4.8 Throwing
 + Level 5.8 Armour
 + Level 6.7 Dodging
 + Level 5.9 Shields
 + Level 12.4 Unarmed Combat
 - Level 3.3 Spellcasting
 + Level 6.2 Shapeshifting


You had 17 spell levels left.
You knew the following spells:

 Your Spells              Type           Power      Damage    Failure   Level
m - Apportation           Tloc           2%         N/A       30%         1

Your spell library contained the following spells:

 Spells                   Type           Power      Damage    Failure   Level
 Necrotise                Necr           4%         1d4       30%         1
 Sandblast                Erth           2%         2d4       30%         1
 Sting                    Conj/Alch      4%         1d3       30%         1
 Summon Small Mammal      Summ           4%         N/A       30%         1
 Scorch                   Fire           2%         2d5       41%         2
 Call Canine Familiar     Summ           1%         N/A       65%         3
 Passwall                 Erth           1%         N/A       65%         3
 Stone Arrow              Conj/Erth      2%         3d7       65%         3
 Volatile Blastmotes      Fire/Tloc      2%         2d10      65%         3
 Anguish                  Hex/Necr       0%         N/A       96%         4
 Animate Armour           Summ/Erth      2%         N/A       96%         4
 Brom's Barrelling Bould  Conj/Erth      1%         2d3       96%         4
 Cause Fear               Hex            0%         N/A       96%         4
 Summon Blazeheart Golem  Fire/Summ      1%         N/A       96%         4
 Fireball                 Conj/Fire      0%         3d3       100%        5
 Iskenderun's Battlesphe  Conj           1%         2d6       100%        5
 Conjure Ball Lightning   Conj/Air       0%         3x3d6     100%        6
 Enfeeble                 Hex            0%         N/A       100%        7
 Orb of Destruction       Conj           0%         9d5       100%        7
 Spellforged Servitor     Conj/Summ      0%         N/A       100%        7
 Lehudib's Crystal Spear  Conj/Erth      0%         10d2      100%        8


Dungeon Overview and Level Annotations

Branches:
Dungeon (9/15)             Temple (1/1) D:7            Lair (5/5) D:9
 Shoals (0/4) Lair:2        Snake (0/4) Lair:3
  Slime: Lair:4-5       Orc: D:9-12

Altars:
Ashenzari
Cheibriados
Dithmenos
Fedhas
Gozag
Hepliaklqana
Kikubaaqudgha
Makhleb
Nemelex Xobeh
Okawaru
Qazlal
Ru
Sif Muna
Trog
Uskayaw
Wu Jian
Xom
Yredelemnul

Shops:
D:4 [

Annotations:
D:9 3 runed translucent doors, Krumphau's ghost, novice MDFi
Lair:3 2 transporters, MrSquiggles's ghost, journeyman DsWn


Innate Abilities, Weirdness & Mutations

You are something dangerously unstable.
You glow with magical radiation, making you easy to see and hit.
Foes you strike become dangerously contaminated with magical radiation.
Your maximum health is decreased, since you lack skill for your form.
You are incapable of wielding weapons or throwing items.
You are completely covered in icy blue scales. (AC +4, rC+)
A demonic guardian rushes to your aid.
Your demonic aura sometimes causes spilled blood to erupt in flames.
Your magical capacity is low. (-10% MP)
You sometimes lose the ability to drink potions when taking damage.
You cannot study or use magical devices.
You have a tail ending in a sharp stinger.


Message History

You kill the jelly!
The komodo dragon completely misses you.
The jelly barely misses your rust devil.
Your rust devil hits the jelly.
Your rust devil is burned by acid!
The jelly barely misses you.
You punch the komodo dragon!
The komodo dragon begins to glow.
You tail-slap the komodo dragon.
The komodo dragon is moderately wounded.
The shadowy forms in the deep grow still as others approach.
The komodo dragon barely misses you.
You punch the jelly!
The jelly begins to glow.
Your hands burn!
You tail-slap the jelly.
The jelly is severely wounded.
You focus your inner power and illuminate the jelly in retribution!
The jelly barely misses you.
The jelly hits your rust devil but does no damage.
Your rust devil hits the jelly.
Your rust devil corrodes the jelly!
Your rust devil is burned by acid!
The merfolk avatar begins to cast a spell, but is stunned by your conviction!
The komodo dragon bites you!!
* * * LOW HITPOINT WARNING * * *
Unknown command.
You are too injured to fight recklessly!
Unknown command.
You are restored by drawing out deep reserves of power within.
You feel drained.
The blink frog stops glowing.
The jelly closely misses your rust devil.
The jelly closely misses you.
Your rust devil hits the jelly!
The jelly dies!
The merfolk avatar chants its luring song.
The komodo dragon bites you!!
* * * LOW HITPOINT WARNING * * *
As you read the scroll of teleportation, it crumbles to dust.
You feel strangely unstable. The blink frog hits your rust devil!
The jelly hits you but does no damage.
The merfolk avatar chants its luring song.
The komodo dragon bites you!!
You die...
Ru respects your ultimate sacrifice.

~~~~~ P~~P~~~... ~#
~~.~~ ~.~~~.~... ß.⌠
#~~~ ~~~#~....
~#~##m#~#########~##~...
~~~~~.~#~~~~~~~~~~~~....
P~~P~~~.~~~~~~~~~~~~...
##~~.~~~##~~#~~~#~....
~P#~~~J#l~##~.##~~##~...
~~~.~.4p.~~~~~.~.~..~..#
......†.......##~P......
.......F......P~#P.....#
....................#.#.
.............#..##...###
...........##.#####..#
.............## ##...
............. ...


You could see a merfolk avatar (mesmerising), a komodo dragon (contam), a blink
frog, a jelly (contam, corona, ally target) and a friendly rust devil
(summoned).

Vanquished Creatures
  2 hydras
  A catoblepas (Lair:4)
  A boulder beetle (Lair:2)
  5 death yaks (Lair:4)
  2 two-headed ogres
  Erica (D:8)
  Maurice (D:7)
  A cyclops (D:9)
  12 elephants
  3 black mambas
  11 cane toads
  3 rime drakes
  6 komodo dragons
  A polar bear (Lair:5)
  A blink frog (Lair:5)
  7 wyverns
  27 yaks
  3 basilisks (Lair:1)
  A steam dragon (D:9)
  3 nagas (Lair:3)
  14 water moccasins
  2 black bears
  An ice beast (D:6)
  A sky beast (D:8)
  3 ogres (D:5)
  12 wolves
  A centaur (D:8)
  2 kobold brigands
  9 bullfrogs
  4 scorpions
  8 wights (D:8)
  5 killer bees (D:9)
  5 howler monkeys
  An electric eel (Lair:3)
  2 hounds (D:6)
  2 orc priests (D:7)
  4 jellies
  9 orc wizards
  An iguana (D:7)
  2 sleepcaps
  10 adders
  A shadow imp (D:7)
  2 white imps
  4 ufetubi
  3 dart slugs
  33 orcs
  11 ball pythons
  9 bats
  10 endoplasms
  5 giant cockroaches
  9 goblins
  5 hobgoblins
  A quokka (D:5)
  12 kobolds
  13 rats
308 creatures vanquished.

Vanquished Creatures (collateral kills)
  A death yak (Lair:4)
  An elephant (Lair:4)
  A black mamba (Lair:4)
  A cane toad (Lair:4)
  A komodo dragon (Lair:3)
  A water moccasin (Lair:1)
  An orc warrior (D:8)
  A sky beast (Temple)
  A wolf (Lair:4)
  A centaur (D:8)
  2 bullfrogs (Lair:4)
  A scorpion (D:6)
  A wight (D:8)
  2 jellies
  An adder (D:3)
  A ribbon worm (D:2)
  An orc (D:8)
  2 jackals (D:5)
21 creatures vanquished.

Grand Total: 329 creatures vanquished

Notes
Turn   | Place    | Note
-------+----------+-------------------------------------------
     0 | D:1      | zenocrate the Demonspawn Fighter began the quest for the
                  | Orb.
     0 | D:1      | Reached XP level 1. HP: 18/18 MP: 1/1
    59 | D:1      | Gained mutation: You are partially covered in icy blue
                  | scales. (AC +2) [demonic ancestry]
    59 | D:1      | Reached XP level 2. HP: 8/24 MP: 2/2
   440 | D:1      | Gained mutation: A weak demonic guardian rushes to your
                  | aid. [demonic ancestry]
   440 | D:1      | Reached XP level 3. HP: 29/29 MP: 3/3
   973 | D:2      | Identified the +1 ring mail "Toprues" {Int+2 Stlth+}
  1182 | D:2      | Gained mutation: You have a small tail. [demonic ancestry]
  1182 | D:2      | Reached XP level 4. HP: 34/35 MP: 4/4
  1612 | D:2      | Learned a level 1 spell: Apportation
  1710 | D:3      | Found a burning altar of Makhleb.
  1710 | D:3      | Noticed an Executioner
  1919 | D:3      | Reached skill level 1 in Spellcasting
  2099 | D:3      | Gained mutation: Your demonic aura sometimes causes spilled
                  | blood to erupt in flames. [demonic ancestry]
  2099 | D:3      | Reached XP level 5. HP: 13/41 MP: 5/7
  2452 | D:3      | Found an ancient bone altar of Kikubaaqudgha.
  3322 | D:4      | Found a blossoming altar of Fedhas.
  3323 | D:4      | Found a hide-covered altar of Uskayaw.
  3325 | D:4      | Found a shimmering altar of Xom.
  3328 | D:4      | Found a bloodstained altar of Trog.
  3328 | D:4      | Found a broken altar of Ashenzari.
  3329 | D:4      | Found a stormy altar of Qazlal.
  3564 | D:4      | Found Maer's Antique Armour Emporium.
  4012 | D:5      | Entered Level 5 of the Dungeon
  4137 | D:5      | Reached XP level 6. HP: 48/48 MP: 8/8
  4148 | D:5      | Reached skill level 5 in Unarmed Combat
  4170 | D:5      | Gained mutation: A demonic guardian rushes to your aid.
                  | [demonic ancestry]
  4170 | D:5      | Reached XP level 7. HP: 41/55 MP: 9/9
  4402 | D:5      | Reached skill level 5 in Fighting
  4497 | D:5      | Found the Hermit's Pendant {Faith Invo=14 Evo=0 MP+5}
  4814 | D:6      | Identified the ring "Cedon" {rN+ Str+4}
  4919 | D:6      | Reached XP level 8. HP: 28/64 MP: 10/10
  5553 | D:7      | Noticed Maurice
  5639 | D:7      | Found a staircase to the Ecumenical Temple.
  5644 | D:7      | Killed Maurice
  5670 | Temple   | Entered the Ecumenical Temple
  5832 | D:7      | Reached XP level 9. HP: 58/74 MP: 11/11
  5939 | D:7      | Noticed a two-headed ogre
  5952 | D:7      | Killed a two-headed ogre
  6983 | D:8      | Reached skill level 1 in Dodging
  6993 | D:8      | Found an opulent altar of Gozag.
  7108 | D:8      | Noticed Erica
  7112 | D:8      | Killed Erica
  7230 | D:8      | Gained mutation: You are mostly covered in icy blue scales.
                  | (AC +3) [demonic ancestry]
  7230 | D:8      | Reached XP level 10. HP: 61/83 MP: 12/12
  7282 | D:8      | Reached skill level 10 in Unarmed Combat
  7768 | D:9      | Found a sacrificial altar of Ru.
  7822 | D:9      | Became a worshipper of Ru the Awakened
  7896 | D:9      | Noticed a cyclops
  7909 | D:9      | Killed a cyclops
  7910 | D:9      | Reached skill level 1 in Shapeshifting
  8019 | D:9      | Found a runed translucent gate.
  8019 | D:9      | Found a runed translucent gate.
  8019 | D:9      | Found a runed translucent gate.
  8020 | D:9      | Noticed a ten-headed hydra
  8020 | D:9      | Noticed a nine-headed hydra
  8021 | D:9      | Noticed Krumphau's ghost (novice MDFi)
  8073 | D:9      | Noticed a two-headed ogre
  8080 | D:9      | Killed a two-headed ogre
  8379 | D:9      | Got the Secrets of the Blaze and the Syncline
  8526 | D:9      | Found a staircase to the Lair.
  8963 | Lair:1   | Entered Level 1 of the Lair of Beasts
  8982 | Lair:1   | Gained mutation: You cannot study or use magical devices.
                  | [Ru sacrifice]
  8982 | Lair:1   | Reached * piety under Ru
  8982 | Lair:1   | Reached ** piety under Ru
  9007 | Lair:1   | Noticed a cane toad
  9011 | Lair:1   | Killed a cane toad
  9070 | Lair:1   | Reached XP level 11. HP: 45/89 MP: 15/15
  9770 | Lair:1   | Reached skill level 1 in Throwing
 11001 | Lair:2   | Found a staircase to the Shoals.
 11014 | Lair:2   | Found a frozen archway.
 11070 | Lair:2   | Reached skill level 10 in Fighting
 11293 | Lair:2   | Noticed a boulder beetle
 11321 | Lair:2   | Killed a boulder beetle
 11322 | Lair:2   | Reached skill level 5 in Dodging
 11517 | Lair:2   | Noticed an eight-headed hydra
 11527 | Lair:2   | Killed an eight-headed hydra
 11528 | Lair:2   | Reached skill level 5 in Shapeshifting
 11775 | Lair:2   | Gained mutation: You occasionally lose the ability to drink
                  | potions when taking damage. [Ru sacrifice]
 11775 | Lair:2   | Gained mutation: You sometimes lose the ability to drink
                  | potions when taking damage. [Ru sacrifice]
 11775 | Lair:2   | Reached *** piety under Ru
 11823 | Lair:2   | Gained mutation: You have a tail ending in a sharp stinger.
                  | [demonic ancestry]
 11823 | Lair:2   | Reached XP level 12. HP: 60/98 MP: 16/16
 13296 | Lair:3   | Found a staircase to the Snake Pit.
 13684 | Lair:3   | Noticed a seven-headed hydra
 13686 | Lair:3   | Noticed MrSquiggles's ghost (journeyman DsWn)
 13697 | Lair:3   | Found a transporter.
 13701 | Lair:3   | Found a transporter.
 13891 | Lair:4   | Reached skill level 5 in Shields
 14068 | Lair:4   | Noticed a catoblepas
 14102 | Lair:4   | Killed a catoblepas
 14109 | Lair:4   | Reached skill level 5 in Armour
 14591 | Lair:4   | Gained mutation: Your magical capacity is low. (-10% MP)
                  | [Ru sacrifice]
 14591 | Lair:4   | Reached **** piety under Ru
 14599 | Lair:4   | Noticed a death yak
 14599 | Lair:4   | Noticed a death yak
 14600 | Lair:4   | Noticed a death yak
 14600 | Lair:4   | Noticed a death yak
 14601 | Lair:4   | Noticed a death yak
 14603 | Lair:4   | Noticed a death yak
 14611 | Lair:4   | Killed a death yak
 14623 | Lair:4   | Killed a death yak
 14627 | Lair:4   | Killed a death yak
 14630 | Lair:4   | Killed a death yak
 14631 | Lair:4   | Gained mutation: You are completely covered in icy blue
                  | scales. (AC +4, rC+) [demonic ancestry]
 14631 | Lair:4   | Reached XP level 13. HP: 47/106 MP: 16/16
 15637 | Lair:5   | Entered Level 5 of the Lair of Beasts
 15903 | Lair:5   | Slain by a komodo dragon

Illustrated notes

Levels and vault maps discovered:
D:1:      onia_arrival_handbag, layout_loops_ring, minmay_hexomino_r4
D:2:      layout_basic, minmay_tiny_reverse_x
D:3:      kennysheep_six_static_rooms, layout_basic,
          nicolae_kikubaaqudgha_miasma_corner, makhleb_altar_promises_db
D:4:      layout_gridville, grunt_temple_overflow_open, serial_shops,
          nicolae_shop_temple_entry_statues_fountains, grunt_ministairs_9
D:5:      layout_basic
D:6:      layout_rooms, minmay_pentangle
D:7:      layout_basic, minmay_temple_entry_mist, uniq_maurice
D:8:      layout_loops_cross, grunt_temple_overflow_gold_and_silver,
          minmay_stone_trees_medium, uniq_erica
D:9:      layout_stronghold, nicolae_ru_great_annihilating_truth,
          lair_entry_dummy, gammafunk_ghost_hydra_chop,
          chequers_serial_rivers_small_3
Temple:   hellmonk_temple_flake
Lair:1:   layout_layer_cave, grunt_megastairs_4
Lair:2:   layout_regular_city, elwin_shoals_entry_rocks,
          portal_ice_cave_entry_pillars_1, nzn_sisyphean_effort
Lair:3:   layout_gridlike, minmay_snake_entry_guardpost_large,
          gammafunk_ghost_arena, lemuel_fruit_fields
Lair:4:   layout_cave_pods, cheibrodos_lair_reptile_den, serial_bayou_shore_b
Lair:5:   gammafunk_lair_ancient_temple, layout_cave_pods,
          nicolae_slime_entry_field_trip

Skill      XL: |  1  2  3  4  5  6  7  8  9 10 11 12 13 |
---------------+----------------------------------------+-----
Unarmed Combat | 2 3 4 5 6 8 9 11 12 | 12.4
Shields        | 3 4 5 |  5.9
Spellcasting   | 1 3 |  3.3
Fighting       | 4 6 8 9 10 11 12 | 12.0
Dodging        | 3 4 5 6 |  6.7
Shapeshifting  | 4 5 6 |  6.2
Armour         | 4 5 |  5.8
Throwing       | 3 4 |  4.8

Action                     |  1- 3 |  4- 6 |  7- 9 | 10-12 | 13-15 || total
---------------------------+-------+-------+-------+-------+-------++-------
  Melee: Unarmed           |   137 |   185 |   247 |   544 |    88 ||  1201
         Tailslap          |       |    23 |    31 |   129 |    22 ||   205
  Throw: Boomerang         |       |     1 |       |       |       ||     1
         Dart              |       |       |     1 |     6 |     1 ||     8
 Invoke: Sacrifice Artific |       |       |       |     1 |       ||     1
         Sacrifice Drink   |       |       |       |     1 |       ||     1
         Sacrifice Essence |       |       |       |     1 |       ||     1
         Draw Out Power    |       |       |       |       |     2 ||     2
    Use: Potion            |     1 |     1 |     2 |     3 |       ||     7
         Scroll            |     1 |     4 |     4 |     5 |     1 ||    15
   Stab: Sleeping          |       |     4 |     2 |       |       ||     6
         Paralysed         |       |       |       |     1 |       ||     1
         Invisible         |       |       |       |     4 |       ||     4
         Petrified         |       |       |       |     2 |       ||     2
 Armour: Scale mail        |    70 |       |       |       |       ||    70
         Ring mail         |    22 |   103 |    84 |       |       ||   209
         Chain mail        |       |       |    66 |   369 |    32 ||   467
         Skin              |       |       |       |       |    25 ||    25
  Dodge: Dodged            |    40 |   109 |   128 |   274 |    88 ||   639
         Repelled          |       |     1 |     3 |     4 |       ||     8
  Block: Buckler           |    20 |    59 |    58 |   139 |    11 ||   287
   Form: Flux              |       |       |       |       |     2 ||     2
                           |       |       |       |       |     1 ||     1

Table legend: (Time is in decaauts)
 A = Elapsed time spent in this place.
 B = Non-inter-level travel time spent in this place.
 C = Inter-level travel time spent in this place.
 D = Time resting spent in this place.
 E = Time spent auto-exploring this place.
 F = Levels seen in this place.
 G = Mean time per level.
                   A        B        C        D        E       F      G
               +--------+--------+--------+--------+--------+-----+--------+
         Total |  15780 |  15255 |    525 |    100 |  12826 |  15 | 1052.0 |
       Dungeon |   8773 |   8462 |    311 |     88 |   6911 |   9 |  974.8 |
        Temple |    155 |    155 |      0 |      0 |    144 |   1 |  155.0 |
          Lair |   6852 |   6638 |    214 |     12 |   5771 |   5 | 1370.4 |
               +--------+--------+--------+--------+--------+-----+--------+

Top non-repeatable levels by time:
  Lair:2: 1879 daAuts
  Lair:1: 1869 daAuts
  Lair:4: 1693 daAuts
     D:3: 1422 daAuts
     D:9: 1237 daAuts
  Lair:3: 1146 daAuts
     D:7: 1106 daAuts
     D:6: 1031 daAuts
     D:4: 945 daAuts
     D:1: 908 daAuts
     D:8: 821 daAuts
     D:2: 727 daAuts
     D:5: 571 daAuts
  Lair:5: 262 daAuts
  Temple: 155 daAuts
